 Dungeon Crawl Stone Soup version 0.27-a0-1149-g4505690ab0 (webtiles) character file.

Game seed: 11993966792265567403

78 senseless the Shield-Bearer (level 4, -4/41 HPs)
             Began as a Gnoll Fighter on May 12, 2021.
             Was a Follower of Okawaru.
             Slain by an orc priest
             ... wielding a +0 trident
              (5 damage)
             ... on level 3 of the Dungeon.
             The game lasted 00:03:43 (1855 turns).

senseless the Shield-Bearer (Gnoll Fighter)         Turns: 1855, Time: 00:03:43

Health: -4/41      AC: 14    Str: 16    XL:     4   Next: 36%
Magic:  14/14      EV:  3    Int: 14    God:    Okawaru [*.....]
Gold:   33         SH: 10    Dex: 11    Spells: 5/5 levels left

rFire    . . .     SeeInvis .   a - +0 war axe
rCold    . . .     Faith    .   c - +0 kite shield
rNeg     . . .     Spirit   .   h - +0 plate armour
rPois    .         Reflect  .   (no helmet)
rElec    .         Harm     .   (no cloak)
rCorr    .         Rampage  .   n - +0 pair of gloves
Will     .....                  (no boots)
Stlth    ..........             (no amulet)
HPRegen  0.13/turn              k - +6 ring of intelligence
MPRegen  0.14/turn              e - ring of magical power

@: mighty, studying 2 skills
A: fangs 1, strong nose, distributed training
a: Renounce Religion, Heroism


You were on level 3 of the Dungeon.
You worshipped Okawaru.
Okawaru was aware of your devotion.
You visited 1 branch of the dungeon, and saw 3 of its levels.

You collected 33 gold pieces.

Inventory:

Hand Weapons
 a - a +0 war axe (weapon)
Armour
 b - a +0 scale mail
 c - a +0 kite shield (worn)
 h - a +0 plate armour (worn)
 n - a +0 pair of gloves (worn)
Jewellery
 e - a ring of magical power (right hand)
 k - a +6 ring of intelligence (left hand)
Potions
 f - a potion of lignification {unknown}
 i - a potion of degeneration {unknown}
 j - a potion of curing {unknown}
 l - a potion of brilliance {unknown}


   Skills:
 + Level 6.6 Fighting
 + Level 1.1 Short Blades
 + Level 1.1 Long Blades
 + Level 4.6 Axes
 + Level 1.1 Maces & Flails
 + Level 1.1 Polearms
 + Level 1.1 Staves
 + Level 1.1 Slings
 + Level 1.1 Bows
 + Level 1.1 Crossbows
 + Level 1.1 Throwing
 + Level 6.6 Armour
 + Level 1.1 Dodging
 + Level 1.3 Stealth
 + Level 6.6 Shields
 + Level 1.1 Unarmed Combat
 + Level 1.1 Spellcasting
 + Level 0.8 Conjurations
 + Level 0.8 Hexes
 + Level 0.8 Summonings
 + Level 0.8 Necromancy
 + Level 0.8 Translocations
 + Level 0.8 Transmutations
 + Level 0.8 Fire Magic
 + Level 0.8 Ice Magic
 + Level 1.1 Air Magic
 + Level 0.8 Earth Magic
 + Level 0.8 Poison Magic
 + Level 1.2 Invocations
 + Level 1.1 Evocations


You had 5 spell levels left.
You didn't know any spells.
Your spell library was empty.

Dungeon Overview and Level Annotations

Branches:
Dungeon (3/15)

Altars:
Okawaru


Innate Abilities, Weirdness & Mutations

You have very sharp teeth.
Your uncanny sense of smell can sniff out nearby items.
Your experience applies equally to all skills.


Message History

The kobold hits you but does no damage.
A gnoll comes into view. It is wielding a +0 spear.
You block the orc priest's attack. You block the orc's attack.
The gnoll throws a throwing net.
The throwing net hits you.
You become entangled in the net!
The kobold hits you but does no damage.
You aren't carrying any scrolls.
You feel very mighty all of a sudden.
The orc priest hits you but does no damage.
The orc hits you but does no damage. The kobold hits you but does no damage.
You tear a large gash into the net.
The orc priest hits you with a +0 trident.
The orc hits you but does no damage. The kobold hits you but does no damage.
You struggle against the net.
The orc priest hits you but does no damage.
The orc hits you but does no damage. The kobold hits you but does no damage.
You struggle against the net.
The orc priest barely misses you. The orc hits you but does no damage.
The gnoll hits you but does no damage.
The gnoll hits you from afar with a +0 spear.
The gnoll hits you but does no damage. The kobold hits you but does no damage.
You rip the net and break free!
The orc priest invokes the aid of Beogh against you.
Pain shoots through your body!
* * * LOW HITPOINT WARNING * * *
You block the orc's attack.
The gnoll hits you from afar with a +0 spear.
* * * LOW HITPOINT WARNING * * *
You block the gnoll's attack. The kobold hits you but does no damage.
The gnoll hits you but does no damage.
Your plate armour prevents you from hitting the orc priest.
The orc priest is moderately wounded.
You completely miss the kobold. You slash the orc!
You kill the orc!
Okawaru accepts your kill.
You hit the gnoll but do no damage. The orc priest barely misses you.
The gnoll hits you but does no damage. You block the gnoll's attack. x2
The gnoll hits you from afar with a +0 spear.
* * * LOW HITPOINT WARNING * * *
The kobold completely misses you.
The orc priest hits you with a +0 trident.
You die...

..... #......#.#.... ...
#.... #.....#++....
...###..####............
...........#............
...........##'##....)...
..............##........
......(........#........
.......K)....#+##.>.....
#.....o@)...............
.......g)...#...........
......gg.g..#...........
............##....
............# [...
............# ...
.............
..............


You could see an orc priest, 4 gnolls and a kobold.

Vanquished Creatures
  2 adders (D:2)
  3 worms
  2 dart slugs (D:1)
  2 orcs (D:3)
  2 bats (D:1)
  4 endoplasms
  A goblin (D:1)
  2 hobgoblins (D:1)
  5 jackals (D:1)
  2 quokkas
  5 ball pythons
  2 ball python skeletons (D:2)
  A ball python zombie (D:2)
  4 frilled lizards
  A jackal zombie (D:2)
  7 kobolds
  5 rats
50 creatures vanquished.

Vanquished Creatures (others)
  A withered plant (D:2)
1 creature vanquished.

Grand Total: 51 creatures vanquished

Notes
Turn   | Place    | Note
-------+----------+-------------------------------------------
     0 | D:1      | senseless the Gnoll Fighter began the quest for the Orb.
     0 | D:1      | Reached XP level 1. HP: 23/23 MP: 1/1
   240 | D:1      | Reached XP level 2. HP: 28/29 MP: 2/2
   503 | D:1      | Reached XP level 3. HP: 27/35 MP: 3/3
   840 | D:1      | Identified 2 scrolls of acquirement
   840 | D:1      | Acquired a manual of Air Magic
   842 | D:1      | Acquired a manual of Stealth
   862 | D:2      | Reached skill level 1 in Stealth
   862 | D:2      | Reached skill level 1 in Invocations
   907 | D:2      | Reached skill level 1 in Short Blades
   907 | D:2      | Reached skill level 1 in Long Blades
   907 | D:2      | Reached skill level 1 in Maces & Flails
   907 | D:2      | Reached skill level 1 in Polearms
   907 | D:2      | Reached skill level 1 in Staves
   907 | D:2      | Reached skill level 1 in Slings
   907 | D:2      | Reached skill level 1 in Bows
   907 | D:2      | Reached skill level 1 in Crossbows
   907 | D:2      | Reached skill level 1 in Throwing
   907 | D:2      | Reached skill level 1 in Dodging
   907 | D:2      | Reached skill level 1 in Unarmed Combat
   907 | D:2      | Reached skill level 1 in Spellcasting
   907 | D:2      | Reached skill level 1 in Evocations
  1036 | D:2      | Reached skill level 1 in Air Magic
  1036 | D:2      | Reached XP level 4. HP: 41/41 MP: 5/5
  1305 | D:2      | Found a faded altar of an unknown god.
  1627 | D:2      | Became a worshipper of Warmaster Okawaru
  1627 | D:2      | Reached * piety under Okawaru
  1854 | D:3      | HP: 2/41 [gnoll/+0 spear (2)]
  1855 | D:3      | Slain by an orc priest

Illustrated notes

Levels and vault maps discovered:
D:1:      dpeg_arrival_arbitrary_c, layout_basic
D:2:      layout_rooms, serial_undead, serial_undead_f, serial_undead_b,
          serial_undead_f, serial_undead_c, ebering_ecumenical_altar_hall,
          kennysheep_donut, roderic_lattice_a
D:3:      layout_basic, interstate_on_off, uniq_crazy_yiuf_cottage

Skill      XL: |  1  2  3 |
---------------+----------+-----
Stealth        | 1 |  1.3
Invocations    | 1 |  1.2
Short Blades   | 1 |  1.1
Long Blades    | 1 |  1.1
Maces & Flails | 1 |  1.1
Polearms       | 1 |  1.1
Staves         | 1 |  1.1
Slings         | 1 |  1.1
Bows           | 1 |  1.1
Crossbows      | 1 |  1.1
Throwing       | 1 |  1.1
Dodging        | 1 |  1.1
Unarmed Combat | 1 |  1.1
Spellcasting   | 1 |  1.1
Evocations     | 1 |  1.1
Air Magic      | 1 |  1.1
Fighting       | |  6.6
Axes           | |  4.6
Armour         | |  6.6
Shields        | |  6.6
Conjurations   | |  0.8
Hexes          | |  0.8
Summonings     | |  0.8
Necromancy     | |  0.8
Translocations | |  0.8
Transmutations | |  0.8
Fire Magic     | |  0.8
Ice Magic      | |  0.8
Earth Magic    | |  0.8
Poison Magic   | |  0.8

Action                   |  1- 3 |  4- 6 || total
-------------------------+-------+-------++-------
Melee: War axe           |   102 |    30 ||   132
       Bite              |     3 |     3 ||     6
  Use: Scroll            |     5 |     3 ||     8
       Potion            |       |     1 ||     1
Armor: Scale mail        |    51 |       ||    51
       Plate armour      |     4 |    38 ||    42
Dodge: Dodged            |    33 |     7 ||    40
Block: Kite shield       |    55 |    19 ||    74

Table legend: (Time is in decaauts)
 A = Elapsed time spent in this place.
 B = Non-inter-level travel time spent in this place.
 C = Inter-level travel time spent in this place.
 D = Time resting spent in this place.
 E = Time spent auto-exploring this place.
 F = Levels seen in this place.
 G = Mean time per level.
                   A        B        C        D        E       F      G
               +--------+--------+--------+--------+--------+-----+--------+
         Total |   1914 |   1842 |     72 |     45 |   1455 |   3 |  638.0 |
       Dungeon |   1914 |   1842 |     72 |     45 |   1455 |   3 |  638.0 |
               +--------+--------+--------+--------+--------+-----+--------+

Top non-repeatable levels by time:
     D:1: 883 daAuts
     D:2: 866 daAuts
     D:3: 165 daAuts
